 Dungeon Crawl Stone Soup version 0.30.0-29-ga12c61a403 (webtiles) character file.

Game seed: 9330001458969918803

13493 cheesebisquit the Grappler (level 11, -5/115 HPs)
             Began as a Troll Fighter on June 4, 2023.
             Was a Believer of Wu Jian.
             Constricted to death by Jorgrun (16 damage)
             ... on level 12 of the Dungeon.
             The game lasted 00:43:21 (11932 turns).

cheesebisquit the Grappler (Troll Fighter)         Turns: 11932, Time: 00:43:22

Health: -5/115     AC: 10    Str: 32    XL:     11   Next: 76%
Magic:  10/10      EV:  8    Int:  8    God:    Wu Jian [**....]
Gold:   407        SH:  0    Dex: 12    Spells: 7/10 levels left

rFire   x .          .
                       - Unarmed
rCold   . . .        b - +3 kite shield
rNeg    . . .        Q - +1 acid dragon scales
rPois   .            M - +1 hat {Will+}
rElec   .            (no cloak)
rCorr   +            (gloves unavailable)
SInv    .            (boots unavailable)
Will    ++...        D - amulet of Virr {Reflect Fly rF- Dex+3 Slay+3 SH+5} Stlth
                     C - +6 ring of strength
HPRegen 1.19/turn    h - ring of willpower
MPRegen 0.12/turn

%: reflection
@: confused, ambrosia-drunk, grasped by roots, flying, constricted, studying
Summonings
A: large, unfitting armour, claws 3, regeneration 1, shaggy fur 1, tough skin 1
a: Renounce Religion, Wall Jump


You were on level 12 of the Dungeon.
You worshipped Wu Jian.
Wu Jian was pleased with you.
You visited 2 branches of the dungeon, and saw 13 of its levels.
You also visited: Sewer.

You collected 851 gold pieces.
You spent 444 gold pieces at shops.

Inventory:

Hand Weapons
 k - a +1 morningstar of protection
 t - a +0 giant spiked club
 y - a +1 whip of electrocution
 B - a +2 dagger of venom
Missiles
 l - a curare-tipped dart
 m - 18 poisoned darts (quivered)
 q - 5 boomerangs
 E - 4 silver javelins
 P - 5 large rocks
 R - 6 datura-tipped darts
Armour
 a - a +2 robe of willpower
 b - a +3 kite shield (worn)
 M - a +1 hat of willpower (worn)
 Q - +1 acid dragon scales (worn)
Jewellery
 h - a ring of willpower (right claw)
 C - a +6 ring of strength (left claw)
 D - the amulet of Virr (around neck) {Reflect Fly rF- Dex+3 Slay+3 SH+5}
   (You found it on level 5 of the Dungeon)

   [amulet of reflection]

   It reflects blocked missile attacks.
   Dex:       It affects your dexterity (+3).
   Slay:      It affects your accuracy & damage with ranged weapons and melee
   (+3).
   rF:        It makes you vulnerable to fire.
   Fly:       It grants you flight.
   SH:        It affects your SH (+5).
 H - a ring of positive energy
Wands
 c - a wand of iceblast (10)
 j - a wand of charming (5)
 K - a wand of digging (7)
 L - a wand of acid (1)
Scrolls
 d - a scroll of fog
 e - a scroll of immolation
 i - a scroll of enchant weapon {unknown}
 o - 3 scrolls of poison
 r - a scroll of teleportation
 s - 2 scrolls of vulnerability
 w - a scroll of acquirement {unknown}
 x - 2 scrolls of blinking
 J - 2 scrolls of amnesia
 O - 3 scrolls of silence
Potions
 g - 4 potions of flight
 n - 2 potions of magic
 u - 4 potions of brilliance
 v - 4 potions of mutation
 z - 3 potions of lignification
 A - 2 potions of degeneration
 F - 4 potions of attraction
 S - a potion of cancellation
 U - a potion of resistance


   Skills:
 + Level 9.1 Fighting
 + Level 6.3 Dodging
 + Level 10.0 Shields
 + Level 10.5 Unarmed Combat


You had 7 spell levels left.
You knew the following spells:

 Your Spells              Type           Power      Damage    Failure   Level
a - Apportation           Tloc           0%         N/A       63%         1
b - Passwall              Tmut/Erth      0%         N/A       77%         2

Your spell library contained the following spells:

 Spells                   Type           Power      Damage    Failure   Level
 Freeze                   Ice            0%         1d3       63%         1
 Necrotise                Necr           0%         1d4       63%         1
 Sandblast                Erth           0%         2d4       63%         1
 Summon Small Mammal      Summ           0%         N/A       63%         1
 Frozen Ramparts          Ice            0%         1d1       94%         3
 Gell's Gravitas          Tloc           0%         N/A       94%         3
 Hailstorm                Conj/Ice       0%         3d3       94%         3
 Portal Projectile        Hex/Tloc       0%         N/A       94%         3
 Stone Arrow              Conj/Erth      0%         3d7       94%         3
 Teleport Other           Tloc           0%         N/A       94%         3
 Tukima's Dance           Hex            0%         N/A       94%         3
 Animate Dead             Necr           0%         N/A       100%        4
 Alistair's Intoxication  Tmut/Pois      0%         N/A       100%        5
 Blade Hands              Tmut           0%         N/A       100%        5
 Dispersal                Tloc           0%         N/A       100%        6
 Haunt                    Necr/Summ      0%         N/A       100%        7
 Infestation              Necr           0%         N/A       100%        8


Dungeon Overview and Level Annotations

Branches:
Dungeon (12/15)            Temple (1/1) D:7            Lair (0/5) D:8
    Orc (0/2) D:10          Sewer (visited)

Altars:
Ashenzari
Cheibriados
Dithmenos
Elyvilon
Fedhas
Gozag
Hepliaklqana
Kikubaaqudgha
Makhleb
Nemelex Xobeh
Okawaru
Qazlal
Ru
Sif Muna
Trog
Uskayaw
Vehumet
Wu Jian
Xom
Yredelemnul
Zin
The Shining One
Lugonu

Shops:
D:2 !   D:12 !

Portals:
Trove: D:11 (give +4 fire dragon scales)

Annotations:
D:6 2 transporters, Menkaure
D:12 Jorgrun


Innate Abilities, Weirdness & Mutations

You are too large for most types of armour.
You have claws for hands.
Your natural rate of healing is unusually fast.
You are covered in fur. (AC +1)
You have tough skin. (AC +1)


Message History

Okay, then.
Okay, then.
Things that are here:
a +1 dagger of distortion; the human corpse of Psyche You hear a grinding noise.
Okay, then.
Okay, then.
Okay, then.
Jorgrun points next to you and mumbles some strange words.
The wall shatters!
The blast of rock fragments hits you!!
Okay, then.
Jorgrun gestures at you while chanting. You resist with almost no effort.
You lunge at Jorgrun.
You closely miss Jorgrun. You block Jorgrun's attack.
You completely miss Jorgrun. Jorgrun casts a spell at you.
Roots burst forth from the earth!
The grasping roots grab you! The grasping roots constrict you!
You closely miss Jorgrun.
Jorgrun points next to you and mumbles some strange words.
The wall shatters!
The blast of rock fragments hits you!! The grasping roots constrict you!
* * * LOW HITPOINT WARNING * * *
You miss Jorgrun. Jorgrun hits you with a staff of earth!
* * * LOW HITPOINT WARNING * * *
The grasping roots constrict you.
You miss Jorgrun. You block Jorgrun's attack. The grasping roots constrict you.
* * * LOW HITPOINT WARNING * * *
You claw Jorgrun!
Jorgrun is lightly wounded.
You block Jorgrun's attack. The grasping roots constrict you.
* * * LOW HITPOINT WARNING * * *
You are confused.
You feel invigorated. Jorgrun hits you with a staff of earth!
* * * LOW HITPOINT WARNING * * *
Jorgrun shatters you.
* * * LOW HITPOINT WARNING * * *
The grasping roots constrict you!
You die...

#..# #..# #.# #..# #..# #.# #..#
#### #..# #.#
#..####..#########..##########.#
..........>....................#
...............................#
####...........................#
#..#####..#.###.#############
#..# ##..#g@..)...#
#..#######..#.#.#.###
#.........∩.....##.##########
............................#
#.####.......###.#####.####.#
8.8 ####.=..# #. #. #.# ##...#
## #. #.# ##### #.#.# #..#


You could see Jorgrun.

Vanquished Creatures
  Gastronok (D:9)
  Snorg (D:12)
  Erica (D:9)
  2 two-headed ogres
  An ugly thing (D:7)
  A manticore (D:11)
  A cyclops (D:11)
  A gargoyle (D:10)
  Psyche (D:12)
  A komodo dragon (D:12)
  The ghost of GimliDwarf the Gusty, a novice TeAE of Qazlal (D:5)
  A troll (D:9)
  A vampire (D:11)
  A wyvern (D:7)
  4 wraiths
  11 yaks
  2 steam dragons
  2 acid dragons
  2 wargs (D:8)
  5 orc warriors
  2 black bears
  9 centaurs
  2 ogres
  4 phantoms
  A kobold brigand (D:8)
  4 bullfrogs
  3 scorpions
  9 killer bees
  8 howler monkeys
  2 hounds (D:5)
  2 jellies
  8 orc priests
  6 iguanas
  2 gnoll boudas
  13 orc wizards
  11 adders
  12 gnolls
  3 river rats
  A shadow imp (D:6)
  4 white imps
  4 ufetubi
  7 worms
  2 dart slugs
  55 orcs
  2 endoplasms (D:1)
  4 giant cockroaches
  3 goblins
  6 hobgoblins
  2 jackals (D:4)
  18 kobolds
  7 quokkas
  6 ball pythons
  4 bats
  7 frilled lizards
  9 rats
283 creatures vanquished.

Vanquished Creatures (others)
  A kobold brigand (D:9)
1 creature vanquished.

Grand Total: 284 creatures vanquished

Notes
Turn   | Place    | Note
-------+----------+-------------------------------------------
     0 | D:1      | cheesebisquit the Troll Fighter began the quest for the
                  | Orb.
     0 | D:1      | Reached XP level 1. HP: 22/22 MP: 0/0
   220 | D:1      | Found a faded altar of an unknown god.
   233 | D:1      | Reached XP level 2. HP: 29/29 MP: 1/1
   646 | D:1      | Learned a level 1 spell: Apportation
   953 | D:2      | Found Ysmimoep's Distillery.
   971 | D:2      | Bought a potion of heal wounds for 60 gold pieces
  1004 | D:2      | Reached XP level 3. HP: 32/36 MP: 2/2
  1566 | D:2      | Reached XP level 4. HP: 26/45 MP: 3/3
  1902 | D:3      | Found an opulent altar of Gozag.
  1989 | D:3      | Found a glowing drain.
  1993 | Sewer    | Entered a sewer
  2014 | Sewer    | Reached XP level 5. HP: 53/53 MP: 4/4
  2617 | D:3      | Found a shimmering altar of Xom.
  2617 | D:3      | Noticed an angel
  2633 | D:3      | Found a glowing silver altar of Zin.
  2735 | D:3      | Found a glowing golden altar of the Shining One.
  2786 | D:3      | Found a burning altar of Makhleb.
  2922 | D:3      | Found a hazy altar of Hepliaklqana.
  3052 | D:3      | Reached XP level 6. HP: 57/62 MP: 5/5
  3231 | D:4      | Reached XP level 7. HP: 59/71 MP: 6/6
  3317 | D:4      | Found an iron altar of Okawaru.
  3602 | D:4      | Reached skill level 5 in Shields
  3711 | D:5      | Entered Level 5 of the Dungeon
  3748 | D:5      | Reached skill level 5 in Unarmed Combat
  3878 | D:5      | Noticed GimliDwarf's ghost (novice TeAE)
  3884 | D:5      | Found a transporter.
  3914 | D:5      | Found a blossoming altar of Fedhas.
  3927 | D:5      | Identified the amulet of Virr {Reflect Fly rF- Dex+3 Slay+3
                  | SH+5}
  3956 | D:5      | Reached skill level 5 in Fighting
  3998 | D:5      | Reached XP level 8. HP: 80/80 MP: 7/7
  4190 | D:5      | Learned a level 2 spell: Passwall
  4357 | D:5      | Found a transporter.
  4851 | D:5      | Found a transporter.
  4868 | D:5      | Found a transporter.
  4988 | D:5      | Found a blossoming altar of Fedhas.
  5104 | D:6      | Noticed Menkaure
  5104 | D:6      | Found an ancient bone altar of Kikubaaqudgha.
  5104 | D:6      | Found a basalt altar of Yredelemnul.
  5132 | D:6      | Found a bloodstained altar of Trog.
  5192 | D:6      | Found a transporter.
  5248 | D:6      | Found a white marble altar of Elyvilon.
  5437 | D:6      | Found a transporter.
  5797 | D:7      | Reached XP level 9. HP: 59/89 MP: 8/8
  5887 | D:7      | Noticed a red ugly thing
  5897 | D:7      | Killed a red ugly thing
  5900 | D:7      | Found a staircase to the Ecumenical Temple.
  5932 | Temple   | Entered the Ecumenical Temple
  6340 | D:8      | Found a staircase to the Lair.
  6566 | D:8      | Found a shadowy altar of Dithmenos.
  7021 | D:8      | Reached XP level 10. HP: 102/102 MP: 9/9
  7278 | D:9      | Noticed a two-headed ogre
  7283 | D:9      | Killed a two-headed ogre
  7521 | D:9      | Noticed Erica
  7535 | D:9      | Killed Erica
  7648 | D:9      | Noticed Gastronok
  7692 | D:9      | Killed Gastronok
  8523 | D:8      | Found a staircase to the Lair.
  8600 | D:8      | Found a shadowy altar of Dithmenos.
  9159 | D:10     | Entered Level 10 of the Dungeon
  9295 | D:10     | Found an ornate altar of the Wu Jian Council.
  9302 | D:10     | Became a worshipper of the Wu Jian Council
  9351 | D:10     | Reached skill level 5 in Dodging
  9362 | D:10     | Noticed a gargoyle
  9365 | D:10     | Killed a gargoyle
  9366 | D:10     | Reached XP level 11. HP: 85/113 MP: 10/10
  9557 | D:10     | Reached * piety under Wu Jian
  9576 | D:10     | Found a staircase to the Orcish Mines.
  9768 | D:10     | Found a sparkling altar of Nemelex Xobeh.
 10329 | D:11     | Reached skill level 10 in Unarmed Combat
 10335 | D:11     | Reached ** piety under Wu Jian
 10387 | D:11     | Found a portal to a secret trove of treasure.
 10560 | D:11     | Noticed a two-headed ogre
 10564 | D:11     | Killed a two-headed ogre
 11105 | D:2      | Bought a potion of cancellation for 96 gold pieces
 11105 | D:2      | Bought a potion of might for 48 gold pieces
 11105 | D:2      | Bought a potion of resistance for 120 gold pieces
 11105 | D:2      | Bought a potion of haste for 120 gold pieces
 11218 | D:5      | Killed GimliDwarf's ghost
 11632 | D:12     | Noticed Jorgrun
 11639 | D:12     | Noticed Snorg
 11789 | D:12     | Found Ziqubbum's Distillery.
 11804 | D:12     | Killed Snorg
 11860 | D:12     | Noticed Psyche
 11871 | D:12     | Killed Psyche
 11872 | D:12     | Reached skill level 10 in Shields
 11932 | D:12     | Constricted to death by Jorgrun

Illustrated notes

Levels and vault maps discovered:
D:1:      dpeg_arrival_tiny_j, layout_basic, ebering_ecumenical_altar_petrified
D:2:      cheibrodos_old_hovel, layout_basic, serial_shops, nicolae_shop_stone
D:3:      layout_loops_ring, nicolae_tso_carved_into_rock,
          nicolae_gozag_cash_rules_everything_around_me,
          mainiacjoe_overflow_alcove_1,
          mainiacjoe_overflow_concentric_impassable,
          grunt_temple_overflow_order_and_chaos_1, gup_sewer_entry_bowl
D:4:      layout_basic, okawaru_trees_1
D:5:      layout_loops_ring, fedhas_altar_2, gammafunk_ghost_arena
D:6:      layout_rooms, gammafunk_temple_of_torment, elyvilon_altar_3,
          old_standard_altar
D:7:      layout_rooms, minmay_temple_entry_statues_pillars, uniq_menkaure
D:8:      layout_loops_corners, grunt_dithmenos_shadows,
          erik_lair_orcish_takeover, minmay_manual_mares
D:9:      layout_layer_cave, uniq_erica, uniq_gastronok
D:10:     layout_roguey, mainiacjoe_overflow_catch_the_wave, hiddenorc2_lemuel
D:11:     layout_roguey, serial_glass, glass_columns_b, glass_columns_a,
          feat_on_display, nicolae_trove_entry_columns
D:12:     due_megacathedral, layout_long_grid, serial_shops, shop, uniq_psyche,
          uniq_snorg, uniq_jorgrun
Temple:   corrupted_temple

Skill      XL: |  1  2  3  4  5  6  7  8  9 10 11 |
---------------+----------------------------------+-----
Shields        | 3 4 5 6 8 9 10 | 10.0
Fighting       | 3 4 5 6 7 8 9 |  9.1
Unarmed Combat | 3 4 5 7 8 9 10 | 10.5
Dodging        | 3 5 6 |  6.3

Action                     |  1- 3 |  4- 6 |  7- 9 | 10-12 || total
---------------------------+-------+-------+-------+-------++-------
  Melee: Unarmed           |    90 |   172 |   301 |   251 ||   814
  Throw: Dart              |       |     2 |    10 |    91 ||   103
         Boomerang         |       |       |    22 |    20 ||    42
Ability: Lunge             |       |       |       |    17 ||    17
         Whirlwind         |       |       |       |     6 ||     6
    Use: Potion            |     1 |       |     4 |    14 ||    19
         Scroll            |       |    10 |    10 |     6 ||    26
 Armour: Robe              |    21 |    49 |    71 |    15 ||   156
         Acid dragon scale |       |       |       |     5 ||     5
  Dodge: Dodged            |    25 |    48 |    97 |    69 ||   239
  Block: Kite shield       |    25 |    46 |   166 |   280 ||   517
         Reflection        |       |       |     9 |    23 ||    32
